 Dungeon Crawl Stone Soup version 0.27-a0-1595-g0b823d0a13 (webtiles) character file.

Game seed: 1703579858091712247

1841 Sin92 the Skirmisher (level 8, -7/63 HPs)
             Began as a Demonspawn Fighter on July 20, 2021.
             Mangled by an ogre (26 damage)
             ... on level 6 of the Dungeon.
             The game lasted 00:08:41 (6355 turns).

Sin92 the Skirmisher (Demonspawn Fighter)           Turns: 6355, Time: 00:08:42

Health: -7/63      AC: 12    Str: 16    XL:     8   Next: 87%
Magic:  8/8        EV:  9    Int: 10    God:
Gold:   226        SH: 10    Dex: 15    Spells: 7/7 levels left

rFire    . . .     SeeInvis .   m - +4 war axe
rCold    . . .     Faith    .   c - +0 kite shield
rNeg     . . .     Spirit   .   b - +0 scale mail
rPois    .         Reflect  .   (helmet restricted)
rElec    .         Harm     .   (no cloak)
rCorr    .         Rampage  .   (no gloves)
Will     .....                  k - +0 pair of boots
Stlth    ..........             (no amulet)
HPRegen  0.20/turn              o - +4 ring of protection
MPRegen  0.11/turn              (no ring)

@: studying Translocations
A: claws 1, horns 1, foul stench 2
a: no special abilities


You were on level 6 of the Dungeon.
You visited 2 branches of the dungeon, and saw 7 of its levels.

You collected 226 gold pieces.

Inventory:

Hand Weapons
 a - a +0 long sword
 m - a +4 war axe (weapon)
Armour
 b - a +0 scale mail (worn)
 c - a +0 kite shield (worn)
 k - a +0 pair of boots (worn)
Jewellery
 o - a +4 ring of protection (left claw)
Wands
 i - a wand of polymorph (10)
 n - a wand of paralysis (11)
 s - a wand of flame (17)
 u - a wand of digging (5)
Scrolls
 f - 4 scrolls of identify
 p - a scroll of teleportation
 t - a scroll of acquirement {unknown}
Potions
 d - a potion of might
 e - a potion of degeneration {unknown}
 g - 2 potions of attraction
 h - a potion of curing
 j - a potion of mutation {unknown}
 l - 2 potions of brilliance
 q - 2 potions of lignification {unknown}
 r - 3 potions of heal wounds {unknown}


   Skills:
 + Level 5.6 Fighting
 - Level 2.8 Long Blades
 * Level 5.1 Axes
 + Level 5.1 Armour
 + Level 4.1 Dodging
 + Level 5.1 Shields


You had 7 spell levels left.
You didn't know any spells.
Your spell library contained the following spells:

 Spells                   Type           Power      Damage    Failure   Level
 Sandblast                Erth           0%         2d4       99%         1
 Shock                    Conj/Air       0%         1d3       99%         1
 Passwall                 Tmut/Erth      0%         N/A       100%        2
 Conjure Flame            Conj/Fire      0%         6-21      100%        3
 Frozen Ramparts          Ice            0%         1d2       100%        3
 Ignite Poison            Fire/Tmut/Pois 0%         N/A       100%        3
 Summon Guardian Golem    Hex/Summ       0%         N/A       100%        3
 Swiftness                Air            0%         N/A       100%        3
 Airstrike                Air            0%         N/A       100%        4
 Ice Form                 Ice/Tmut       0%         N/A       100%        4
 Sticky Flame             Conj/Fire      0%         2d3       100%        4
 Summon Ice Beast         Ice/Summ       0%         N/A       100%        4
 Lee's Rapid Deconstruct  Erth           0%         3d5*      100%        5
 Orb of Destruction       Conj           0%         N/A       100%        7
 Spellforged Servitor     Conj/Summ      0%         N/A       100%        7


Dungeon Overview and Level Annotations

Branches:
Dungeon (6/15)             Temple (1/1) D:5

Altars:
Ashenzari
Cheibriados
Dithmenos
Elyvilon
Gozag
Hepliaklqana
Kikubaaqudgha
Makhleb
Qazlal
Ru
Trog
Vehumet
Wu Jian
Xom
Yredelemnul
Zin
The Shining One

Annotations:
D:5 2 transporters, 1 runed translucent door, BrainTurd's ghost, novice GnDe


Innate Abilities, Weirdness & Mutations

You have sharp fingernails.
You have a pair of small horns on your head.
You sometimes emit foul miasma when damaged in melee.


Message History

The gnoll barely misses you. The gnoll sergeant closely misses you.
The gnoll hits you from afar with a +0 halberd.
The gnoll hits you from afar with a +0 spear.
You slash the gnoll sergeant!
You kill the gnoll sergeant!
The gnoll barely misses you.
The gnoll hits you from afar with a +0 spear!
You block the gnoll's attack. The gnoll hits you but does no damage.
Things that are here:
a +0 spear; a +0 ring mail; a gnoll corpse You barely miss the gnoll.
You headbutt the gnoll.
The gnoll is lightly wounded.
You slash the gnoll! The gnoll hits you but does no damage.
The gnoll barely misses you. You block the gnoll's attack. x2
Unknown command.
You hit the gnoll.
The gnoll is heavily wounded.
Your shield and scale mail prevent you from hitting the gnoll.
You block the gnoll's attack. The gnoll barely misses you.
You hit the gnoll. Your headbutt misses the gnoll.
The gnoll is almost dead.
You slash the gnoll!
You kill the gnoll!
The gnoll hits you with a +0 halberd. You block the gnoll's attack. x2
Unknown command.
You closely miss the gnoll.
The gnoll is almost dead.
You slash the gnoll! The gnoll hits you with a +0 club!
You block the gnoll's attack.
Unknown command.
You hit the gnoll.
You kill the gnoll!
You closely miss the gnoll. The gnoll hits you with a +0 club.
You hit the gnoll.
The gnoll is lightly wounded.
You slash the gnoll!
You kill the gnoll!
The gnoll completely misses you. You block the gnoll's attack.
The ogre hits you with a +0 giant club!!
You die...

........# #.#.# .
#....... #...#
..#.......
##..######
...#.....##
##......#
..........#
#.####..#
..........#
###.##
.O........#
#....#
#....O######....#
##..gg@...##....#
########.......#
####....# #....#
######


You could see an ogre and 2 gnolls.

Vanquished Creatures
  A steam dragon (D:6)
  A water moccasin (D:5)
  2 sky beasts (D:5)
  2 necrophages
  2 ogres
  A phantom (D:4)
  A gnoll sergeant (D:6)
  A scorpion (D:5)
  3 wights (D:6)
  4 hounds
  3 jellies
  An orc priest (D:5)
  A bullfrog skeleton (D:5)
  An iguana (D:6)
  Ijyb (D:5)
  Natasha (thrice) (D:3)
  4 orc wizards
  2 hound skeletons (D:4)
  7 gnolls
  9 adders
  A shadow imp (D:6)
  An adder skeleton (D:4)
  6 dart slugs
  12 orcs
  6 ball pythons
  7 endoplasms
  3 giant cockroaches
  6 goblins
  11 hobgoblins
  7 jackals (D:1)
  3 quokkas
  6 bats
  3 frilled lizards
  8 kobolds
  5 rats
135 creatures vanquished.

Notes
Turn   | Place    | Note
-------+----------+-------------------------------------------
     0 | D:1      | Sin92 the Demonspawn Fighter began the quest for the Orb.
     0 | D:1      | Reached XP level 1. HP: 18/18 MP: 1/1
   224 | D:1      | Gained mutation: You have a pair of small horns on your
                  | head. [demonic ancestry]
   224 | D:1      | Reached XP level 2. HP: 24/24 MP: 2/2
  1088 | D:2      | Reached skill level 1 in Dodging
  1088 | D:2      | Gained mutation: You may rarely emit foul miasma when
                  | damaged in melee. [demonic ancestry]
  1088 | D:2      | Reached XP level 3. HP: 25/29 MP: 3/3
  1214 | D:2      | Found a faded altar of an unknown god.
  1678 | D:2      | Found a shimmering altar of Xom.
  1972 | D:2      | Gained mutation: You sometimes emit foul miasma when
                  | damaged in melee. [demonic ancestry]
  1972 | D:2      | Reached XP level 4. HP: 27/35 MP: 4/4
  2373 | D:3      | Noticed Natasha
  2383 | D:3      | Killed Natasha
  2577 | D:3      | Noticed Natasha
  2584 | D:3      | Killed Natasha
  2585 | D:3      | Gained mutation: You have sharp fingernails. [demonic
                  | ancestry]
  2585 | D:3      | Reached XP level 5. HP: 42/42 MP: 5/5
  2655 | D:3      | Found a shadowy altar of Dithmenos.
  3074 | D:3      | Noticed Natasha
  3081 | D:3      | Killed Natasha
  3698 | D:4      | Reached XP level 6. HP: 31/48 MP: 6/6
  3822 | D:4      | Found a stormy altar of Qazlal.
  3842 | D:4      | Reached skill level 1 in Axes
  4367 | D:5      | Entered Level 5 of the Dungeon
  4385 | D:5      | Found a basalt altar of Yredelemnul.
  4386 | D:5      | Noticed a sky beast
  4404 | D:5      | Killed a sky beast
  4405 | D:5      | Reached XP level 7. HP: 48/55 MP: 7/7
  4603 | D:5      | Found a transporter.
  4659 | D:5      | Found a runed translucent door.
  4797 | D:5      | Noticed BrainTurd's ghost (novice GnDe)
  4813 | D:5      | Found a radiant altar of Vehumet.
  4900 | D:5      | Found a transporter.
  5060 | D:5      | Reached skill level 5 in Fighting
  5060 | D:5      | Reached XP level 8. HP: 38/62 MP: 8/8
  5210 | D:5      | Found a staircase to the Ecumenical Temple.
  5212 | D:5      | Noticed Ijyb
  5221 | D:5      | Killed Ijyb
  5235 | Temple   | Entered the Ecumenical Temple
  6057 | D:6      | Reached skill level 5 in Armour
  6212 | D:6      | Reached skill level 5 in Axes
  6212 | D:6      | Reached skill level 5 in Shields
  6355 | D:6      | Mangled by an ogre

Illustrated notes

Levels and vault maps discovered:
D:1:      kennysheep_arrival_forest, layout_loops_ring
D:2:      cheibrodos_helix_gallery, layout_loops_ring,
          hellmonk_ecumenical_altar_crossroads, basic_altar
D:3:      layout_basic, mainiacjoe_overflow_chevrons, uniq_natasha
D:4:      minmay_opposing_rooms, layout_basic, kennysheep_little_box
D:5:      gammafunk_cloud_chamber, layout_loops_ring, mainiacjoe_overflow_paths,
          mainiacjoe_overflow_tiny_flanked, minmay_temple_entry_large_hall,
          ebering_ghost_reflecting_pool, minmay_checkerbox, uniq_ijyb
D:6:      layout_rooms, nicolae_overflow_crystal_walls,
          mainiacjoe_overflow_boulevard
Temple:   hc_temple_tempest_star

Skill      XL: |  1  2  3  4  5  6  7  8 |
---------------+-------------------------+-----
Long Blades    | 2 |  2.8
Dodging        | 1 2 3 4 |  4.1
Shields        | 3 4 5 |  5.1
Armour         | 3 4 5 |  5.1
Fighting       | 4 5 |  5.6
Axes           | 2 3 5 |  5.1

Action                   |  1- 3 |  4- 6 |  7- 9 || total
-------------------------+-------+-------+-------++-------
Melee: Long sword        |   119 |    86 |       ||   205
       Headbutt          |    16 |    24 |    25 ||    65
       War axe           |       |    60 |   112 ||   172
  Use: Potion            |     2 |     3 |       ||     5
       Scroll            |       |     7 |       ||     7
Armor: Scale mail        |    62 |    89 |    69 ||   220
Dodge: Dodged            |    28 |    50 |    43 ||   121
Block: Kite shield       |    86 |    97 |    59 ||   242
       Rpst.: Long sword |     9 |     8 |       ||    17

Table legend: (Time is in decaauts)
 A = Elapsed time spent in this place.
 B = Non-inter-level travel time spent in this place.
 C = Inter-level travel time spent in this place.
 D = Time resting spent in this place.
 E = Time spent auto-exploring this place.
 F = Levels seen in this place.
 G = Mean time per level.
                   A        B        C        D        E       F      G
               +--------+--------+--------+--------+--------+-----+--------+
         Total |   6568 |   6406 |    162 |    549 |   4802 |   7 |  938.3 |
       Dungeon |   6281 |   6143 |    138 |    549 |   4541 |   6 | 1046.8 |
        Temple |    286 |    262 |     24 |      0 |    261 |   1 |  286.0 |
               +--------+--------+--------+--------+--------+-----+--------+

Top non-repeatable levels by time:
     D:2: 1467 daAuts
     D:5: 1248 daAuts
     D:3: 1186 daAuts
     D:1: 972 daAuts
     D:4: 889 daAuts
     D:6: 517 daAuts
  Temple: 286 daAuts
